 Dungeon Crawl Stone Soup version 0.23.2-1-ga50397a (webtiles) character file.

Game seed: 10503353741770951188

2490 kae the Transmogrifier (level 9, -1/62 HPs)
             Began as a Demonspawn Transmuter on Apr 14, 2019.
             Was a Believer of Wu Jian.
             Slain by a killer bee (3 damage)
             ... on level 7 of the Dungeon.
             The game lasted 00:08:40 (7835 turns).

kae the Transmogrifier (Demonspawn Transmuter)      Turns: 7835, Time: 00:08:41

Health: -1/62      AC:  3    Str: 11    XL:     9   Next: 27%
Magic:  8/12       EV: 12    Int: 15    God:    Wu Jian [**....]
Gold:   380        SH:  6    Dex: 16    Spells: 1/12 levels left

rFire    . . .     SeeInvis .     - Unarmed
rCold    + . .     Gourm    .   (shield currently unavailable)
rNeg     . . .     Faith    .   b - +0 robe
rPois    .         Spirit   .   (no helmet)
rElec    .         Reflect  +   v - +0 cloak
rCorr    .         Harm     .   (gloves currently unavailable)
MR       .....                  (no boots)
Stlth    +.........             g - +6 amulet of reflection
HPRegen  0.20/turn              (no ring)
MPRegen  0.13/turn              (no ring)

@: lethally poisoned (-1 -> -29), blade hands (expiring), starving, studying
Summonings
A: hooves 2, cold resistance 1, powered by death 2
a: End Transformation, Wall Jump, Renounce Religion


You were on level 7 of the Dungeon.
You worshipped Wu Jian.
Wu Jian was pleased with you.
You were starving.
You had blades for hands.
You visited 2 branches of the dungeon, and saw 8 of its levels.
You also visited: Ossuary.

You collected 380 gold pieces.

Inventory:

Missiles
 a - 93 arrows
Armour
 b - a +0 robe (worn)
 p - a +0 pair of gloves (melded)
 v - a +0 cloak (worn)
Jewellery
 g - a +6 amulet of reflection (around neck)
 l - an uncursed amulet of regeneration
 C - a cursed ring of teleportation {unknown}
Wands
 B - a wand of acid (9)
 D - a wand of enslavement (11)
Scrolls
 f - 2 scrolls of enchant weapon
 m - 5 scrolls of remove curse
 n - 3 scrolls of enchant armour
 q - 3 scrolls of teleportation
 t - 2 scrolls of identify
 A - a scroll of blinking
Potions
 c - 3 potions of curing
 e - 4 potions of agility {unknown}
 h - 3 potions of might {unknown}
 i - 2 potions of resistance {unknown}
 j - 2 potions of haste {unknown}
 k - 2 potions of lignification
 o - 2 potions of berserk rage
 r - 2 potions of heal wounds
 u - a potion of flight {unknown}
 z - a potion of magic {unknown}
Books
 s - a manual of Summonings
Comestibles
 d - 13 rations


   Skills:
 + Level 2.5 Fighting
 - Level 1.7 Dodging
 * Level 4.1 Unarmed Combat
 - Level 2.0 Spellcasting
 + Level 10.9 Transmutations


You had one spell level left.
You knew the following spells:

 Your Spells              Type           Power        Failure   Level  Hunger
a - Beastly Appendage     Tmut           ####..       10%         1    #......
b - Sticks to Snakes      Tmut           ####....     11%         2    ###....
c - Spider Form           Tmut/Pois      ###.......   38%         3    ###....
d - Blade Hands           Tmut           ####......   38%         5    ######.

Your spell library contained the following spells:

 Spells                   Type           Power        Failure   Level  Hunger
 Ice Form                 Ice/Tmut       ###.....     67%         4    #####..


Dungeon Overview and Level Annotations

Branches:
Dungeon (7/15)             Temple (1/1) D:5

Altars:
Ashenzari
Dithmenos
Elyvilon
Fedhas
Gozag
Hepliaklqana
Kikubaaqudgha
Nemelex Xobeh
Qazlal
Sif Muna
Trog
Wu Jian
Xom
Yredelemnul

Shops:
D:6 :


Innate Abilities, Weirdness & Mutations

You have hoof-like feet.
Your flesh is cold resistant. (rC+)
You regenerate health from kills.


Message History

The killer bee stings you. The killer bee barely misses you.
You block the killer bee's attack.
You barely miss the killer bee.
You feel sick. The killer bee stings you. The killer bee closely misses you.
The killer bee stings you.
You are more poisoned.
The killer bee poisons you! You block the killer bee's attack.
The killer bee stings you!
* * * LOW HITPOINT WARNING * * *
You are more poisoned.
The killer bee poisons you! The killer bee stings you.
* * * LOW HITPOINT WARNING * * *
You are more poisoned.
The killer bee poisons you!
You barely miss the killer bee.
The killer bee is lightly wounded.
* * * LOW HITPOINT WARNING * * *
You feel sick. The killer bee stings you.
* * * LOW HITPOINT WARNING * * *
The killer bee stings you.
You die...

#..... #..... +.....
##########+##.....
#.................
#.................
#................. .
#.................
....##+#@....<...........
.......yyy.###'#....#####
...........#...#....#....
y..........#...'....#....
...........#####....###+#
....########.......##....
.... #.......#..... ...
#.......#..... ..
#####.......##...#


You could see 3 killer bees.

Vanquished Creatures
  Sigmund (D:2)
  Menkaure (D:7)
  Duvessa (D:7)
  2 ice beasts
  2 phantoms
  An ogre (D:7)
  4 centaurs
  An elf zombie (Ossuary)
  A bullfrog (D:6)
  Dowan (D:7)
  2 scorpions
  5 wights (D:7)
  3 vampire bats (D:3)
  2 crimson imps
  A quasit (D:5)
  An orc priest (D:4)
  A hound (D:7)
  4 orc wizards
  An iguana (D:7)
  Crazy Yiuf (D:5)
  4 worker ants
  A big kobold zombie (Ossuary)
  2 mummies
  2 worker ant zombies
  A gnoll (D:6)
  11 adders
  A shadow imp (D:5)
  2 oozes (D:2)
  2 adder zombies (Ossuary)
  2 worms
  2 dart slugs (D:1)
  4 leopard geckos
  19 orcs
  4 bat skeletons (D:3)
  3 bat zombies (D:3)
  6 giant cockroaches
  6 goblins
  9 hobgoblins
  8 jackals
  9 kobolds
  2 quokkas
  A ball python (D:3)
  9 bats
  2 frilled lizards (D:2)
  A goblin zombie (Ossuary)
  2 hobgoblin zombies (Ossuary)
  A leopard gecko skeleton (D:4)
  A leopard gecko zombie (D:5)
  A quokka skeleton (D:4)
  A quokka zombie (Ossuary)
  5 rats
  2 rat zombies (Ossuary)
162 creatures vanquished.

Vanquished Creatures (collateral kills)
  2 mummies (Ossuary)
  A goblin zombie (Ossuary)
  3 kobold zombies (Ossuary)
  A quokka zombie (Ossuary)
  3 rat zombies (Ossuary)
10 creatures vanquished.

Grand Total: 172 creatures vanquished

Notes
Turn   | Place    | Note
-------+----------+-------------------------------------------
     0 | D:1      | kae the Demonspawn Transmuter began the quest for the Orb.
     0 | D:1      | Reached XP level 1. HP: 15/15 MP: 3/3
     2 | D:1      | Noticed a naga
     4 | D:1      | Noticed a demonspawn
     4 | D:1      | Noticed a draconian
     6 | D:1      | Noticed a vampire
     6 | D:1      | Noticed a human
     8 | D:1      | Noticed a vine stalker
    10 | D:1      | Noticed a gargoyle
    10 | D:1      | Noticed a halfling
    12 | D:1      | Noticed a tengu
    12 | D:1      | Noticed a demigod
    14 | D:1      | Noticed a merfolk
    14 | D:1      | Noticed an elf
    16 | D:1      | Noticed a felid
    16 | D:1      | Noticed a dwarf
    20 | D:1      | Noticed a formicid
    20 | D:1      | Noticed an octopode
    22 | D:1      | Noticed a spriggan
    22 | D:1      | Noticed a minotaur
    24 | D:1      | Noticed an ogre
    24 | D:1      | Noticed a centaur
    26 | D:1      | Noticed a troll
    26 | D:1      | Noticed a ghoul
    63 | D:1      | Reached skill level 2 in Transmutations
   377 | D:1      | Gained mutation: You regenerate a little health from kills.
                  | [demonic ancestry]
   377 | D:1      | Reached XP level 2. HP: 20/21 MP: 3/5
   907 | D:1      | Reached skill level 3 in Transmutations
  1184 | D:2      | Gained mutation: You regenerate health from kills. [demonic
                  | ancestry]
  1184 | D:2      | Reached XP level 3. HP: 26/26 MP: 6/6
  1302 | D:2      | Learned a level 2 spell: Sticks to Snakes
  1306 | D:2      | Learned a level 3 spell: Spider Form
  1501 | D:2      | Noticed Sigmund
  1514 | D:2      | Killed Sigmund
  1514 | D:2      | Reached skill level 5 in Transmutations
  1514 | D:2      | Reached XP level 4. HP: 18/32 MP: 4/7
  1514 | D:2      | Gained mutation: You have large cloven feet. [demonic
                  | ancestry]
  1514 | D:2      | Reached XP level 5. HP: 21/37 MP: 4/8
  2170 | D:3      | Gained mutation: Your flesh is cold resistant. (rC+)
                  | [demonic ancestry]
  2170 | D:3      | Reached XP level 6. HP: 30/43 MP: 5/9
  2240 | D:3      | Reached skill level 6 in Transmutations
  2409 | D:3      | You fall through a shaft!
  2460 | D:3      | Found a stormy altar of Qazlal.
  2767 | D:3      | Found an ancient bone altar of Kikubaaqudgha.
  3235 | D:4      | Reached skill level 7 in Transmutations
  3235 | D:4      | Reached XP level 7. HP: 45/48 MP: 6/10
  3562 | D:4      | Reached skill level 8 in Transmutations
  3891 | D:4      | Found a sparkling altar of Nemelex Xobeh.
  3892 | D:4      | Found an opulent altar of Gozag.
  4148 | D:5      | Entered Level 5 of the Dungeon
  4248 | D:5      | Gained mutation: You have hoof-like feet. [demonic
                  | ancestry]
  4248 | D:5      | Reached XP level 8. HP: 13/54 MP: 8/11
  4271 | D:5      | Found a staircase to the Ecumenical Temple.
  4409 | D:5      | Reached skill level 9 in Transmutations
  4463 | D:5      | Found a runed translucent door.
  4464 | D:5      | Noticed Crazy Yiuf
  5118 | D:5      | Killed Crazy Yiuf
  5200 | D:6      | Found a sand-covered staircase.
  5266 | Temple   | Entered the Ecumenical Temple
  5341 | Temple   | Became a worshipper of the Wu Jian Council
  5438 | Ossuary  | Entered an ossuary
  5987 | D:6      | Reached skill level 10 in Transmutations
  6013 | D:6      | Reached * piety under Wu Jian
  7102 | D:6      | Found Ciepliol's Book Shoppe.
  7231 | D:6      | Learned a level 5 spell: Blade Hands
  7349 | D:7      | Noticed Dowan
  7350 | D:7      | Noticed Duvessa
  7361 | D:7      | Killed Duvessa
  7361 | D:7      | Reached XP level 9. HP: 37/59 MP: 4/12
  7362 | D:7      | Killed Dowan
  7635 | D:7      | Reached ** piety under Wu Jian
  7643 | D:7      | Noticed Menkaure
  7647 | D:7      | Killed Menkaure
  7835 | D:7      | HP: 2/62 [killer bee (3)]
  7835 | D:7      | Slain by a killer bee

Skill      XL: |  1  2  3  4  5  6  7  8  9 |
---------------+----------------------------+-----
Transmutations | 2 3 5 7 8 10 | 10.9
Unarmed Combat | 4 |  4.1
Fighting       | 2 |  2.5
Dodging        | |  1.7
Spellcasting   | |  2.0

Action                   |  1- 3 |  4- 6 |  7- 9 || total
-------------------------+-------+-------+-------++-------
Melee: Unarmed           |   129 |   175 |   434 ||   738
       Headbutt          |     7 |       |       ||     7
       Kick              |    11 |    20 |    52 ||    83
       Punch             |       |     2 |     3 ||     5
 Cast: Beastly Appendage |    15 |       |     1 ||    16
       Spider Form       |     2 |    14 |    28 ||    44
       Sticks to Snakes  |       |       |    11 ||    11
       Blade Hands       |       |       |     7 ||     7
Invok: Lunge             |       |       |    10 ||    10
       Whirlwind         |       |       |     1 ||     1
  Use: Scroll            |     6 |     3 |     8 ||    17
       Potion            |     1 |       |     3 ||     4
 Stab: Sleeping          |     1 |     2 |     1 ||     4
       Distracted        |       |     1 |     3 ||     4
  Eat: Chunk             |     2 |     7 |    14 ||    23
       Ration            |       |       |     2 ||     2
Armor: Robe              |    27 |    13 |    24 ||    64
       Skin              |     2 |    21 |    14 ||    37
Dodge: Dodged            |   103 |   184 |   248 ||   535
Block: Other             |       |    49 |   110 ||   159
       Reflection        |       |       |     5 ||     5
